 Dungeon Crawl Stone Soup version 0.29.1-1-gd02db6906a (webtiles) character file.

Game seed: 2675229963282369334

434 jimonade the Skirmisher (level 6, -1/34 HPs)
             Began as a Deep Elf Hunter on Sept 18, 2022.
             Succumbed to a water moccasin's poison
             ... on level 4 of the Dungeon.
             The game lasted 00:05:13 (3265 turns).

jimonade the Skirmisher (Deep Elf Hunter)           Turns: 3265, Time: 00:05:13

Health: -1/34      AC:  5    Str:  8    XL:     6   Next: 67%
Magic:  8/8        EV: 12    Int: 14    God:
Gold:   159        SH:  0    Dex: 20    Spells: 5/5 levels left

rFire   . . .      SeeInvis .   a - +0 shortbow
rCold   . . .      Faith    .   (shield currently unavailable)
rNeg    . . .      Spirit   .   i - +0 troll leather armour
rPois   .          Reflect  .   d - +0 helmet
rElec   .          Harm     .   (no cloak)
rCorr   .          Rampage  .   (no gloves)
Will    .....                   (no boots)
Stlth   ++........              (no amulet)
HPRegen 0.91/turn               (no ring)
MPRegen 0.11/turn               (no ring)

@: lethally poisoned (-1 -> -11)
A: no striking features
a: no special abilities


You were on level 4 of the Dungeon.
You visited 2 branches of the dungeon, and saw 5 of its levels.

You collected 159 gold pieces.

Inventory:

Hand Weapons
 a - a +0 shortbow (weapon)
 t - a +0 quarterstaff
Armour
 c - a +0 leather armour
 d - a +0 helmet (worn)
 h - a +0 ring mail
 i - a +0 troll leather armour (worn)
Magical Staves
 e - a staff of cold
Jewellery
 p - a +6 ring of intelligence
Wands
 o - a wand of acid (14)
Scrolls
 b - a scroll of immolation
 j - a scroll of fear {unknown}
 k - 2 scrolls of blinking {unknown}
 l - 3 scrolls of teleportation {unknown}
 s - a scroll of poison {unknown}
 u - a scroll of butterflies {unknown}
Potions
 f - a potion of mutation {unknown}
 g - a potion of might {unknown}
 m - 2 potions of heal wounds {unknown}
 n - a potion of brilliance {unknown}
 q - a potion of cancellation {unknown}
 r - a potion of curing {unknown}
 v - a potion of flight {unknown}


   Skills:
 - Level 1.5 Fighting
 + Level 10.6 Ranged Weapons
 - Level 2.4 Dodging
 - Level 1.2 Stealth


You had 5 spell levels left.
You didn't know any spells.
Your spell library was empty.

Dungeon Overview and Level Annotations

Branches:
Dungeon (4/15)             Temple (1/1) D:4

Altars:
Ashenzari
Cheibriados
Dithmenos
Elyvilon
Fedhas
Gozag
Kikubaaqudgha
Makhleb
Qazlal
Ru
Sif Muna
Trog
Wu Jian
Xom
Yredelemnul
Zin
The Shining One

Annotations:
D:2 Sigmund


Message History

You are too injured to fight recklessly!
Fire: a) +0 shortbow
Press: ? - help, Q - select action, (/) - cycle Shift-Dir - straight line, f/p - water moccasin
Aim: a water moccasin (severely wounded, 52% to hit)
You shoot an arrow. The arrow hits the water moccasin.
The water moccasin is almost dead.
The water moccasin bites you.
* * * LOW HITPOINT WARNING * * *
Fire: a) +0 shortbow
Press: ? - help, Q - select action, (/) - cycle Shift-Dir - straight line, f/p - water moccasin
Aim: a water moccasin (almost dead, 52% to hit)
You shoot an arrow.
The arrow closely misses the water moccasin.
The water moccasin bites you but does no damage.
The water moccasin bites you.
* * * LOW HITPOINT WARNING * * *
You are poisoned.
The water moccasin poisons you!
Fire: a) +0 shortbow
Press: ? - help, Q - select action, (/) - cycle Shift-Dir - straight line, f/p - water moccasin
Aim: a water moccasin (almost dead, 52% to hit)
You shoot an arrow.
The arrow closely misses the water moccasin.
You feel very sick.
The water moccasin bites you but does no damage.
Fire: a) +0 shortbow
Press: ? - help, Q - select action, (/) - cycle Shift-Dir - straight line, f/p - water moccasin
Aim: a water moccasin (almost dead, 52% to hit)
You shoot an arrow. The arrow hits the water moccasin.
The water moccasin is almost dead.
You feel sick. The water moccasin bites you.
* * * LOW HITPOINT WARNING * * *
You are lethally poisoned!
The water moccasin poisons you! The water moccasin closely misses you.
Fire: a) +0 shortbow
Press: ? - help, Q - select action, (/) - cycle Shift-Dir - straight line, f/p - water moccasin
Aim: a water moccasin (almost dead, 52% to hit)
You shoot an arrow. The arrow hits the water moccasin.
The water moccasin is almost dead.
You die...

###.####......... ...#
#............##.....###
##..####.####.##.#..[..#
.#..####.####.##.#.....##
............#.##(........
##..#######.#.##.......#
#..# #.#.##.......# #..#
#.#.##.S# ##..# #.#.##@.#
....#######.#.##..#
##................#
###############.## #.#
#.# #.# #.. ###


You could see a water moccasin.

Vanquished Creatures
  A phantom (D:4)
  Terence (D:2)
  Natasha (thrice) (D:3)
  11 gnolls
  7 adders
  An ufetubus (D:4)
  2 worms (D:2)
  4 dart slugs
  5 ball pythons
  13 bats
  6 endoplasms
  2 giant cockroaches (D:2)
  6 goblins
  4 hobgoblins
  2 quokkas (D:1)
  8 frilled lizards
  5 kobolds
  5 rats
86 creatures vanquished.

Notes
Turn   | Place    | Note
-------+----------+-------------------------------------------
     0 | D:1      | jimonade the Deep Elf Hunter began the quest for the Orb.
     0 | D:1      | Reached XP level 1. HP: 12/12 MP: 3/3
    63 | D:1      | Found a faded altar of an unknown god.
   243 | D:1      | Reached skill level 6 in Ranged Weapons
   243 | D:1      | Reached XP level 2. HP: 16/16 MP: 4/4
   304 | D:1      | Reached XP level 3. HP: 6/20 MP: 5/5
   724 | D:1      | Reached skill level 7 in Ranged Weapons
  1223 | D:2      | Reached XP level 4. HP: 25/25 MP: 6/6
  1791 | D:2      | Noticed Terence
  1797 | D:2      | Killed Terence
  1798 | D:2      | Reached skill level 8 in Ranged Weapons
  1896 | D:2      | Noticed Sigmund
  2037 | D:3      | Reached XP level 5. HP: 29/29 MP: 7/7
  2173 | D:3      | Reached skill level 9 in Ranged Weapons
  2306 | D:3      | Noticed Natasha
  2310 | D:3      | Killed Natasha
  2430 | D:3      | Noticed Natasha
  2435 | D:3      | Killed Natasha
  2436 | D:3      | Reached XP level 6. HP: 34/34 MP: 8/8
  2532 | D:3      | Noticed Natasha
  2545 | D:3      | Killed Natasha
  2877 | D:4      | Reached skill level 10 in Ranged Weapons
  3013 | D:4      | Found a staircase to the Ecumenical Temple.
  3025 | Temple   | Entered the Ecumenical Temple
  3252 | D:4      | Noticed a water moccasin
  3265 | D:4      | Succumbed to a water moccasin's poison

Illustrated notes

Levels and vault maps discovered:
D:1:      mainiacjoe_arrival_reflecting_pool, layout_rooms,
          shapermc_ecumenical_altar_ellora
D:2:      minmay_alternating_diamond, layout_loops_corners,
          minmay_misc_feat_square, minmay_pentomino_pile, uniq_sigmund,
          uniq_terence
D:3:      layout_basic, uniq_natasha
D:4:      layout_loops_ring, minmay_temple_entry_trees, minmay_misc_feat_rows
Temple:   bh_familiar_temple

Skill      XL: |  1  2  3  4  5  6 |
---------------+-------------------+-----
Ranged Weapons | 6 7 8 9 10 | 10.6
Fighting       | |  1.5
Dodging        | |  2.4
Stealth        | |  1.2

Action                   |  1- 3 |  4- 6 || total
-------------------------+-------+-------++-------
 Fire: Shortbow          |   117 |   173 ||   290
Armor: Leather armour    |     7 |       ||     7
       Troll leather arm |       |    21 ||    21
Dodge: Dodged            |    31 |    52 ||    83
